AoeStats
← dashuaibi

Oasis

507945830Analyzed
4v4 RM · 12d ago on Sep 20, 2026· 34m 34s· 8 players
Game mode
Random Map
Map size
Large (8 player)
Population
200
Speed
Normal
Resources
Standard
Victory
Conquest
Starting age
Dark Age
Ending age
Imperial Age
RankedLock teamsTeams togetherTeam positionsShared explorationLock speedFull tech treeHidden civsTurbo modeCheats
Victory
Defeat
🇫🇮 Khmer · Finland
1341
+15
🇦🇺 Koreans · Australia
1340
+15
🇦🇷 Magyars · Argentina
1316
+16
🇫🇷 Koreans · France
1252
+20
🇨🇳 Mongols · China
1352
-18
🇮🇹 Britons · Italy
1337
-17
🇹🇼 Shu · Taiwan
1306
-16
🇩🇪 Franks · Germany
1292
-15
Ting
6:40 Loom
8:53 Feudal Age
12:55 Fletching
17:14 Double-Bit Axe
HSL | errik
6:53 Loom
9:05 Feudal Age
9:59 Double-Bit Axe
12:37 Fletching
19:29 Padded Archer Armor
25:33 Castle Age
23:32 Horse Collar
24:40 Gold Mining
25:36 Crossbowman
26:14 Bodkin Arrow
dashuaibi
10:42 Feudal Age
12:22 Double-Bit Axe
14:53 Castle Age
13:21 Horse Collar
16:36 Loom
22:36 Wheelbarrow
22:31 Bow Saw
22:56 Heavy Plow
25:04 Gold Mining
25:04 Stone Mining
26:14 Fletching
26:24 Padded Archer Armor
26:30 Scale Barding Armor
27:18 Stone Shaft Mining
27:14 Bodkin Arrow
28:27 Ballistics
29:07 Bloodlines
28:59 Husbandry
30:56 Hand Cart
31:33 Gold Shaft Mining
35:05 Imperial Age
33:14 Leather Archer Armor
35:13 Chain Barding Armor
Baratticus
10:52 Feudal Age
9:27 Loom
11:13 Feudal Age
15:42 Castle Age
13:52 Double-Bit Axe
17:26 Scale Barding Armor
24:01 Forging
24:58 Wheelbarrow
26:39 Chain Barding Armor
27:47 Iron Casting
clem3613
11:14 Feudal Age
15:57 Castle Age
14:35 Fletching
15:03 Stone Mining
15:16 Double-Bit Axe
17:08 Bodkin Arrow
18:19 Bow Saw
20:24 Town Watch
20:26 Loom
20:32 Town Watch
20:43 Gold Mining
20:45 Stone Mining
25:11 Ballistics
24:32 Treadmill Crane
25:46 Horse Collar
27:26 Stone Shaft Mining
27:32 Murder Holes
29:34 Eupseong
31:20 Town Patrol
Sunday x Junior
10:14 Feudal Age
8:30 Loom
10:44 Double-Bit Axe
12:48 Horse Collar
17:50 Scale Barding Armor
18:14 Forging
20:50 Bloodlines
24:56 Castle Age
25:09 Light Cavalry
25:53 Husbandry
26:21 Chain Barding Armor
28:02 Wheelbarrow
Hodor
6:47 Loom
9:12 Feudal Age
11:27 Horse Collar
11:34 Double-Bit Axe
15:54 Town Watch
17:45 Wheelbarrow
21:53 Castle Age
20:50 Bloodlines
22:08 Gold Mining
22:31 Scale Barding Armor
27:28 Chain Barding Armor
30:58 Husbandry
34:02 Bow Saw
Silver_Storm
7:31 Loom
9:38 Feudal Age
13:15 Fletching
15:03 Wheelbarrow
17:47 Double-Bit Axe
17:45 Horse Collar
18:48 Gold Mining
23:48 Castle Age
23:53 Elite Skirmisher
24:39 Thumb Ring
25:04 Bodkin Arrow
26:41 Crossbowman
29:25 Gold Shaft Mining
31:28 Bow Saw
34:53 Ballistics
Connection lost

Rejoining the realm…

Still unreachable

The connection could not be restored.

Session expired

The server has moved on; the page needs a fresh start.